 Dungeon Crawl Stone Soup version 0.19.0-2-gae57169 (webtiles) character file.

1613 dobroeutro the Cleaver (level 8, -1/96 HPs)
             Began as a Minotaur Fighter on Nov 6, 2016.
             Was a Follower of Okawaru.
             Killed by divine providence
             ... invoked by an orc priest
              (11 damage)
             ... on level 6 of the Dungeon.
             The game lasted 00:07:01 (4636 turns).

dobroeutro the Cleaver (Minotaur Fighter)           Turns: 4636, Time: 00:07:05

Health: -1/96      AC: 28    Str: 19 (22) XL:     8   Next: 64%
Magic:  2/2        EV:  2    Int:  3 (5)  God:    Okawaru [*.....]
Gold:   278        SH:  9    Dex: 10 (11) Spells: 0 memorised, 7 levels left

rFire  . . .     SeeInvis .     F - +2 war axe (antimagic)
rCold  . . .     Gourm    .     (armour currently unavailable)
rNeg   + + +     Faith    .     c - +0 shield
rPois  +         Spirit   .     (helmet currently unavailable)
rElec  .         Reflect  .     (cloak currently unavailable)
rCorr  .         Harm     .     (gloves currently unavailable)
MR     +....     Clarity  +     (boots currently unavailable)
Stlth  +......... NoTele   +    (no amulet)
                                r - +4 ring of protection
                                A - ring of protection from magic

@: tree-form
A: (retaliatory headbutt), (horns 0), clarity, (poison resistance), no device
heal 1, (sturdy frame 0)
a: Heroism, Renounce Religion


You were on level 6 of the Dungeon.
You worshipped Okawaru.
Okawaru was aware of your devotion.
You were not hungry.
You were a tree.
You visited 2 branches of the dungeon, and saw 7 of its levels.
You also visited: Sewer.

You collected 278 gold pieces.

Inventory:

Hand Weapons
 F - a +2 antimagic war axe (weapon)
Armour
 b - a +0 scale mail (melded)
 c - a +0 shield (worn)
Jewellery
 q - an uncursed ring of fire
 r - a +4 ring of protection (right branch)
 t - an uncursed ring of protection from fire
 A - a ring of protection from magic (left branch)
Wands
 z - a wand of flame (19/48)
Scrolls
 i - 4 scrolls of remove curse
 k - 2 scrolls of noise {unknown}
 l - a scroll of blinking {unknown}
 o - a scroll of enchant weapon {unknown}
 p - a scroll of random uselessness {unknown}
 s - 4 scrolls of recharging {unknown}
 x - a scroll of teleportation {unknown}
 y - a scroll of fog {unknown}
 B - 2 scrolls of identify
 C - 2 scrolls of magic mapping {unknown}
Potions
 d - a potion of might
 e - 4 potions of flight
 h - 3 potions of berserk rage
 u - a potion of heal wounds {unknown}
 v - 3 potions of invisibility
 w - a potion of curing
 E - a potion of ambrosia {unknown}
Comestibles
 a - a chunk of flesh
 f - 3 bread rations
 g - 3 fruits
 n - 3 meat rations


   Skills:
 - Level 3.6 Fighting
 + Level 12.8 Axes
 - Level 3.6 Armour
 - Level 3.6 Shields


You had 7 spell levels left.
You didn't know any spells.

Dungeon Overview and Level Annotations

Branches:
Dungeon (6/15)             Temple (1/1) D:4

Altars:
Ashenzari
Cheibriados
Elyvilon
Fedhas
Gozag
Hepliaklqana
Kikubaaqudgha
Makhleb
Nemelex Xobeh
Okawaru
Qazlal
Ru
Sif Muna
Trog
Uskayaw
Vehumet
Zin
The Shining One

Shops:
D:4 [


Innate Abilities, Weirdness & Mutations

((You reflexively headbutt those who attack you in melee.))
((You have a pair of horns on your head.))
You possess an exceptional clarity of mind.
((Your system is resistant to poisons. (rPois)))
Potions and wands are less effective at restoring your health.
((Your movements are slightly less encumbered by armour. (ER -2)))


Message History

It was a potion of lignification.
You turn into a tree.
Your +0 scale mail melds into your body.
Your roots penetrate the ground.
The crimson imp picks up a beetle and eats it.
You hit the crimson imp.
The crimson imp's magic leaks into the air.
The crimson imp is heavily wounded.
You block the crimson imp's attack.
It was a potion of degeneration.
There was something very wrong with that liquid.
You feel weakened.
You feel dopey.
You feel clumsy. The crimson imp hits you.
* * * LOW HITPOINT WARNING * * *
It was a potion of curing.
Your system partially rejects the healing.
You feel better.
The crimson imp hits you but does no damage.
The orc priest mumbles some strange prayers to Beogh against you.
Beogh smites you!
You die...

#........####.P##P
#...........#.P### #
#........##.......
####.####...........>..##.
.....#....................
##....g........#.....####
#.....o##................
#....go5.............####
#....g##♣......#.....#...
#...#. #.......#.......#.
#(g #. #..#.##......^###.
... #..........##....###.
.. ##..##.....##..###.<. .
.... #.....###.##....
.....................
.#..#.....####).....
........<..[.....


You could see 2 orc priests, 2 gnolls and a crimson imp.

Vanquished Creatures
  An ice beast (D:4)
  A sky beast (D:5)
  A phantom (D:4)
  An orc warrior (D:6)
  An ogre (D:4)
  A big kobold (D:6)
  A bullfrog (Sewer)
  3 scorpions
  A crimson imp (D:6)
  A bullfrog zombie (D:5)
  A jelly (D:4)
  An orc priest (D:6)
  2 hounds
  2 bullfrog skeletons (D:6)
  An iron imp (D:5)
  3 iguanas
  3 worker ants
  An orc wizard (D:6)
  A hound zombie (D:5)
  A hound skeleton (D:5)
  A worker ant zombie (D:5)
  A howler monkey zombie (D:5)
  12 adders
  5 gnolls
  11 oozes
  An adder skeleton (D:5)
  4 worms
  2 dart slugs (D:1)
  7 leopard geckos
  9 orcs
  8 ball pythons
  4 bats
  11 giant cockroaches
  11 goblins
  7 hobgoblins
  7 jackals
  29 kobolds
  3 quokkas
  18 frilled lizards
  A leopard gecko skeleton (D:4)
  8 rats
  A plant (D:6)
189 creatures vanquished.

Notes
Turn   | Place    | Note
-------+----------+-------------------------------------------
     0 | D:1      | dobroeutro the Minotaur Fighter began the quest for the Orb.
     0 | D:1      | Reached XP level 1. HP: 19/19 MP: 0/0
    84 | D:1      | Reached skill level 3 in Axes
    92 | D:1      | Reached XP level 2. HP: 23/26 MP: 1/1
   194 | D:1      | Reached skill level 4 in Axes
   231 | D:1      | Reached XP level 3. HP: 30/31 MP: 2/2
   745 | D:2      | Found a faded altar of an unknown god.
   969 | D:2      | Reached skill level 5 in Axes
   972 | D:2      | Found a blossoming altar of Fedhas.
  1044 | D:2      | Reached XP level 4. HP: 35/39 MP: 3/3
  1719 | D:3      | Reached skill level 6 in Axes
  1937 | D:4      | Found Lavuewni's Armour Shoppe.
  1944 | D:4      | Reached XP level 5. HP: 33/45 MP: 4/4
  1978 | D:4      | Found a glowing drain.
  1989 | Sewer    | Entered a sewer
  2115 | Sewer    | Reached skill level 7 in Axes
  2352 | Sewer    | Reached XP level 6. HP: 51/51 MP: 5/5
  2378 | Sewer    | Reached skill level 8 in Axes
  2651 | D:4      | Noticed an ice beast
  2663 | D:4      | Killed an ice beast
  2757 | D:4      | Reached skill level 9 in Axes
  2757 | D:4      | Reached XP level 7. HP: 49/57 MP: 6/6
  3032 | D:4      | Found a staircase to the Ecumenical Temple.
  3035 | D:4      | Reached skill level 10 in Axes
  3045 | Temple   | Entered the Ecumenical Temple
  3157 | Temple   | Became a worshipper of Warmaster Okawaru
  3331 | D:5      | Entered Level 5 of the Dungeon
  3446 | D:5      | Found a snail-covered altar of Cheibriados.
  3536 | D:5      | Gained mutation: Your system is resistant to poisons. (rPois) [mutagenic meat]
  3537 | D:5      | Gained mutation: You possess an exceptional clarity of mind. [mutagenic meat]
  3538 | D:5      | Gained mutation: Your movements are slightly less encumbered by armour. (ER -2) [mutagenic meat]
  3539 | D:5      | Gained mutation: Potions and wands are less effective at restoring your health. [mutagenic meat]
  3755 | D:5      | Reached skill level 11 in Axes
  3790 | D:5      | Found a blossoming altar of Fedhas.
  3914 | D:5      | Reached XP level 8. HP: 61/64 MP: 2/7
  3980 | D:5      | Reached * piety under Okawaru
  4258 | D:6      | Reached skill level 12 in Axes
  4636 | D:6      | Killed from afar by an orc priest

Skill      XL: |  1  2  3  4  5  6  7  8 |
---------------+-------------------------+-----
Axes           | 3 4 5 6 7 9 11 12 | 12.8
Fighting       | |  3.6
Armour         | |  3.6
Shields        | |  3.6

Action                   |  1- 3 |  4- 6 |  7- 9 || total
-------------------------+-------+-------+-------++-------
Melee: War axe           |    83 |   181 |   182 ||   446
       Headbutt          |    14 |    32 |    38 ||    84
  Use: Scroll            |       |     5 |       ||     5
       Potion            |       |       |     3 ||     3
  Eat: Chunk             |       |     6 |    11 ||    17
Armor: Scale mail        |    40 |    71 |    59 ||   170
       Skin              |       |       |     1 ||     1
Dodge: Dodged            |    24 |    33 |    43 ||   100
Block: Shield            |    35 |    85 |    76 ||   196
